 Dungeon Crawl Stone Soup version 0.23.0-33-g5e6c059 (webtiles) character file.

Game seed: 17190519765378494347

67 Lanoc the Cudgeler (level 3, -1/36 HPs)
             Began as a Troll Chaos Knight on Feb 26, 2019.
             Was a Plaything of Xom.
             Slain by an orc priest
             ... wielding a +0 flail
              (6 damage)
             ... on level 3 of the Dungeon.
             The game lasted 00:01:57 (934 turns).

Lanoc the Cudgeler (Troll Chaos Knight)              Turns: 934, Time: 00:01:58

Health: -1/36      AC:  8    Str: 25    XL:     3   Next: 98%
Magic:  2/2        EV: 10    Int: 13    God:    Xom [.*....]
Gold:   81         SH:  0    Dex: 10    Spells: 2/2 levels left

rFire    . . .     SeeInvis .   a - +0 mace (chaos)
rCold    . . .     Gourm    +   (no shield)
rNeg     . . .     Faith    .   b - +2 robe
rPois    .         Spirit   .   (helmet restricted)
rElec    .         Reflect  .   (no cloak)
rCorr    .         Harm     .   (gloves unavailable)
MR       .....                  (boots unavailable)
Stlth    +.........             (no amulet)
HPRegen  0.52/turn              (no ring)
MPRegen  0.08/turn              (no ring)

@: mighty, brilliant, lightly drained
A: large, unfitting armour, claws 3, fast metabolism 3, gourmand, regeneration
1, shaggy fur 1, tough skin 3
a: Renounce Religion


You were on level 3 of the Dungeon.
You worshipped Xom.
You were a plaything of Xom.
You were full.

You visited 1 branch of the dungeon, and saw 3 of its levels.

You collected 81 gold pieces.

Inventory:

Hand Weapons
 a - a +0 mace of chaos (weapon)
Armour
 b - a +2 robe (worn)
Scrolls
 d - a scroll of fog {unknown}
 e - 7 scrolls of identify {unknown}
 f - a scroll of random uselessness {unknown}
 h - a scroll of enchant weapon {unknown}
 j - 2 scrolls of teleportation {unknown}
 k - a scroll of magic mapping {unknown}
Comestibles
 c - 4 rations


   Skills:
 + Level 2.8(2.3) Fighting
 * Level 3.7(3.2) Maces & Flails
 + Level 2.4(1.9) Dodging


You had 2 spell levels left.
You didn't know any spells.
Your spell library contained the following spells:

 Spells                   Type           Power        Failure   Level  Hunger
 Confusing Touch          Hex            #.....       3%          1    ##.....
 Confuse                  Hex            #.......     11%         3    ####...
 Gell's Gravitas          Tloc           #.........   11%         3    ####...
 Petrify                  Tmut/Erth      #.......     30%         4    #####..
 Metabolic Englaciation   Hex/Ice        #.........   58%         5    ######.
 Yara's Violent Unravell  Hex/Tmut       #.........   58%         5    ######.


Dungeon Overview and Level Annotations

Branches:
Dungeon (3/15)

Altars:
Xom


Innate Abilities, Weirdness & Mutations

You are too large for most types of armour.
You have claws for hands.
Your metabolism is lightning-fast.
You like to eat raw meat.
Your natural rate of healing is unusually fast.
You are covered in fur. (AC +1)
You have extremely tough skin. (AC +3)


Message History

The orc closely misses you. The orc priest closely misses you.
The orc barely misses you. The bat hits you but does no damage.
The orc hits you with a +0 flail.
It was a potion of might.
You feel very mighty all of a sudden. The bat misses you. The bat hits you.
The orc closely misses you. The orc hits you with a +0 hand axe.
The orc priest hits you with a +0 flail!
* * * LOW HITPOINT WARNING * * *
The orc closely misses you.
You thump the orc!
You kill the orc!
The bat barely misses you. The bat hits you but does no damage.
The orc hits you but does no damage. The orc hits you with a +0 hand axe.
* * * LOW HITPOINT WARNING * * *
The orc wizard gestures wildly while chanting.
The orc wizard seems to speed up.
The orc priest hits you with a +0 flail.
You die...
Xom roars with laughter!

.. #.### .....
#.#.# #.#.#
#g#.# #
######o#o#o#.###
......o@<.......
......b###.#.###
####### .. ...
... .. <


You could see an orc priest, an orc wizard, 2 orcs, a hobgoblin and a bat.

Vanquished Creatures
  An adder (D:2)
  2 oozes (D:2)
  2 dart slugs (D:1)
  3 orcs (D:3)
  A ball python (D:2)
  2 giant cockroaches
  7 goblins
  A hobgoblin (D:1)
  6 jackals (D:1)
  3 kobolds (D:1)
  2 quokkas (D:2)
  3 bats (D:1)
  2 frilled lizards (D:1)
  4 rats
39 creatures vanquished.

Notes
Turn   | Place    | Note
-------+----------+-------------------------------------------
     0 | D:1      | Lanoc the Troll Chaos Knight began the quest for the Orb.
     0 | D:1      | Reached XP level 1. HP: 22/22 MP: 0/0
    22 | D:1      | XOM: potion effect (haste)
    79 | D:1      | Reached skill level 3 in Maces & Flails
    79 | D:1      | Reached XP level 2. HP: 27/29 MP: 1/1
    80 | D:1      | XOM: harmless Tmut miscast
   144 | D:1      | XOM: scenery: create altars
   284 | D:1      | XOM: 4-stop teleportation journey
   369 | D:1      | XOM: confusion (+ monsters)
   383 | D:1      | Reached XP level 3. HP: 31/36 MP: 2/2
   922 | D:3      | XOM: polymorph orc -> bat
   934 | D:3      | Slain by an orc priest

Skill      XL: |  1 |
---------------+----+-----
Dodging        | 2 |  2.4
Maces & Flails | 3 |  3.7
Fighting       | |  2.8

Action                   || total
-------------------------++-------
Melee: Mace              ||   101
  Use: Potion            ||     4
 Stab: Confused          ||     2
       Paralysed         ||     2
       Sleeping          ||     2
  Eat: Chunk             ||    10
Armor: Robe              ||    67
Dodge: Dodged            ||    95
